 Dungeon Crawl Stone Soup version 0.22-a0-247-gbddf880 (console) character file.

4754 Duffy the Cleaver (level 10, -13/53 HPs)
             Began as a Vine Stalker Artificer on Feb 24, 2018.
             Was a Priest of Makhleb.
             Mangled by a white ugly thing (16 damage)
             ... on level 9 of the Dungeon.
             The game lasted 00:17:15 (6621 turns).

Duffy the Cleaver (Vine Stalker Artificer)          Turns: 6621, Time: 00:17:15

Health: -13/53     AC: 14    Str: 19    XL:     10   Next: 46%
Magic:  0/14       EV:  8    Int: 11    God:    Makhleb [***...]
Gold:   396        SH: 10    Dex: 14    Spells: 9/9 levels left

rFire    . . .     SeeInvis .   a - +4 war axe
rCold    + . .     Gourm    .   x - +0 shield
rNeg     . . .     Faith    +   t - +0 plate armour
rPois    .         Spirit   +   (no helmet)
rElec    .         Reflect  .   C - +0 cloak
rCorr    .         Harm     .   E - +0 pair of gloves
MR       +....                  (no boots)
Stlth    ..........             p - amulet of faith
HPRegen  0.57/turn              z - ring of protection from cold
MPRegen  0.14/turn              k - +4 ring of evasion

@: no status effects
A: fangs 3, regeneration 1, magic shield, antimagic bite, no potion heal 3, rot
immunity
a: Minor Destruction, Lesser Servant of Makhleb, Renounce Religion


You were on level 9 of the Dungeon.
You worshipped Makhleb.
Makhleb was most pleased with you.
You were not hungry.

You visited 1 branch of the dungeon, and saw 9 of its levels.

You collected 396 gold pieces.

Inventory:

Hand Weapons
 a - a +4 war axe (weapon)
 s - a +0 war axe
Missiles
 G - 2 throwing nets (quivered)
Armour
 t - a +0 plate armour (worn)
 w - the +4 ring mail of the Salmon {rF+ Str-2 Dex+3}
   (You took it off a gnoll on level 7 of the Dungeon)

   It affects your strength (-2).
   It affects your dexterity (+3).
   It protects you from fire.
 x - a +0 shield (worn)
 C - a +0 cloak (worn)
 E - a +0 pair of gloves (worn)
Jewellery
 j - an uncursed ring of poison resistance
 k - a +4 ring of evasion (right hand)
 m - an uncursed ring of magical power
 p - an amulet of faith (around neck)
 z - a ring of protection from cold (left hand)
 B - an uncursed amulet of magic regeneration
Wands
 d - a wand of enslavement (4)
 e - a wand of random effects (3)
 i - a wand of iceblast (6)
Scrolls
 b - 7 scrolls of teleportation
 c - a scroll of silence {unknown}
 h - 4 scrolls of remove curse
 o - a scroll of fear {unknown}
 r - a scroll of immolation {unknown}
 v - 4 scrolls of magic mapping
 y - 2 scrolls of fog {unknown}
 A - 2 scrolls of enchant armour {unknown}
 D - a scroll of brand weapon {unknown}
 H - 2 scrolls of torment {unknown}
Potions
 g - a potion of resistance
 l - 2 potions of berserk rage
 n - 2 potions of might
 q - 4 potions of curing
 u - 2 potions of magic
 I - a potion of lignification
Comestibles
 f - 12 rations
 F - a chunk of flesh


   Skills:
 + Level 6.2 Fighting
   Level 0.8 Short Blades
 * Level 8.4 Axes
 + Level 5.2 Armour
 - Level 1.5 Dodging
 - Level 1.2 Stealth
 + Level 4.8 Shields
 + Level 0.9 Invocations
 - Level 5.0 Evocations


You had 9 spell levels left.
You didn't know any spells.

Dungeon Overview and Level Annotations

Branches:
Dungeon (9/15)             Temple (0/1) D:7
   Lair: D:8-11         Orc: D:9-12

Altars:
Elyvilon
Hepliaklqana
Kikubaaqudgha
Makhleb
Nemelex Xobeh
Qazlal
Ru
Trog
Vehumet
The Shining One


Innate Abilities, Weirdness & Mutations

You have razor-sharp teeth.
Your natural rate of healing is unusually fast.
When hurt, damage is shared between your health and your magic reserves.
Your bite disrupts and absorbs the magic of your enemies.
Potions cannot restore your health.
You are immune to rotting.


Message History

The white ugly thing is lightly wounded.
You slash the killer bee!
The killer bee stings you but does no damage.
You block the white ugly thing's attack.
The killer bee stings you but does no damage.
The white ugly thing tentacle-slaps you.
The white ugly thing freezes you! You resist.
You hit the white ugly thing. Your bite misses the white ugly thing.
The white ugly thing is lightly wounded.
You hit the killer bee.
You kill the killer bee!
Makhleb accepts your kill.
You feel better.
The white ugly thing tentacle-slaps you.
The white ugly thing freezes you! You resist.
You slice the white ugly thing!! Your bite misses the white ugly thing.
The white ugly thing is heavily wounded.
The white ugly thing tentacle-slaps you.
The white ugly thing freezes you! You resist.
You die...

*,* *,,*****,,,**,****,<,*,,,,
*,* *,,######.###,,,,,,,,*,,,,
*,****,,+........#,,,,,,,,+,,,,
*,,,,,,,#........###+##********
*,,,,,,,#..............*
*,,,,,,,#..............*
*,,,,,,,#.............,*
*,,,,,,,#.............,*
*,,,,,,,#....u@..#*,,,,*
*,,,,,,,#######'##*###+#*******
*,,,*,,,#........##....#,,,,,,,
*,,,*,,,#..............#,,,,,,,
*,,,,,,,#..............#,,,,,,,
*,,,,,,,#..............#,,,,,,,
*,,,,,,,#..............#,,,**,,
*,,,,,,,#..............#,,,**,,
*,*****,#..............+,,,**,,


You could see a white ugly thing.

Vanquished Creatures
  A two-headed ogre (D:8)
  The ghost of anet the Magician, a novice DEWz (D:6)
  A hippogriff (D:8)
  The ghost of anet the Magician, an amateur DEWz (D:4)
  3 orc warriors
  A hungry ghost (D:7)
  A water moccasin (D:4)
  2 ice beasts (D:5)
  A black bear (D:6)
  2 phantoms
  A necrophage (D:7)
  An ogre (D:7)
  A centaur (D:7)
  6 bullfrogs
  A scorpion (D:4)
  6 killer bees
  3 wights (D:8)
  A bullfrog zombie (D:5)
  2 crimson imps
  2 quasits (D:6)
  2 bullfrog skeletons
  3 hounds
  4 orc priests
  A gnoll shaman (D:8)
  2 jellies
  4 orc wizards
  3 iguanas
  4 worker ants
  2 hound zombies
  2 hound skeletons
  A howler monkey zombie (D:5)
  2 worker ant zombies
  16 gnolls
  6 adders
  A shadow imp (D:6)
  2 adder skeletons
  A worm (D:3)
  A leopard gecko (D:1)
  22 orcs
  4 giant cockroaches
  5 goblins
  8 hobgoblins
  4 jackals (D:3)
  4 kobolds
  2 quokkas (D:4)
  2 ball pythons
  4 bats
  3 frilled lizards
  A jackal skeleton (D:5)
  7 rats
161 creatures vanquished.

Vanquished Creatures (collateral kills)
  Eustachio (D:5)
  A gnoll sergeant (D:5)
  A wight (D:5)
  An orc wizard (D:6)
4 creatures vanquished.

Vanquished Creatures (others)
  An orc warrior (D:5)
  A killer bee (D:6)
2 creatures vanquished.

Grand Total: 167 creatures vanquished

Notes
Turn   | Place    | Note
-------+----------+-------------------------------------------
     0 | D:1      | Duffy the Vine Stalker Artificer began the quest for the Orb.
     0 | D:1      | Reached XP level 1. HP: 9/9 MP: 3/3
     8 | D:1      | Reached skill level 1 in Fighting
   133 | D:1      | Reached XP level 2. HP: 12/14 MP: 5/5
   640 | D:1      | Reached XP level 3. HP: 18/18 MP: 4/6
  1187 | D:2      | You fall through a shaft!
  1195 | D:3      | Reached skill level 1 in Axes
  1846 | D:3      | Found a burning altar of Makhleb.
  1846 | D:3      | Found an ancient bone altar of Kikubaaqudgha.
  1861 | D:3      | Became a worshipper of Makhleb the Destroyer
  2215 | D:3      | Gained mutation: Your natural rate of healing is unusually fast. [Vine Stalker growth]
  2215 | D:3      | Reached XP level 4. HP: 14/23 MP: 4/7
  2326 | D:4      | Reached skill level 2 in Axes
  2326 | D:4      | Reached skill level 1 in Armour
  2326 | D:4      | Reached XP level 5. HP: 21/26 MP: 8/8
  2451 | D:4      | Noticed anet's ghost (amateur DEWz)
  2462 | D:4      | Killed anet's ghost
  2462 | D:4      | Reached skill level 3 in Axes
  2462 | D:4      | Reached XP level 6. HP: 27/32 MP: 9/9
  2698 | D:4      | Noticed a water moccasin
  2728 | D:4      | Reached XP level 7. HP: 5/36 MP: 9/11
  3081 | D:5      | Entered Level 5 of the Dungeon
  3354 | D:5      | Killed an orc warrior
  3354 | D:5      | Reached skill level 4 in Axes
  3412 | D:5      | Found a hazy altar of Hepliaklqana.
  3417 | D:5      | Found a radiant altar of Vehumet.
  3446 | D:5      | Reached skill level 5 in Evocations
  3526 | D:5      | Gained mutation: You have razor-sharp teeth. [Vine Stalker growth]
  3526 | D:5      | Reached XP level 8. HP: 41/41 MP: 12/12
  3529 | D:5      | Found a stormy altar of Qazlal.
  3574 | D:5      | Reached * piety under Makhleb
  3576 | D:5      | Reached skill level 1 in Shields
  3605 | D:5      | Found a white marble altar of Elyvilon.
  3654 | D:5      | Found a sacrificial altar of Ru.
  3735 | D:5      | Noticed Eustachio
  3757 | D:5      | Killed Eustachio
  3757 | D:5      | Reached skill level 5 in Axes
  3800 | D:5      | Killed an orc warrior
  4058 | D:6      | Reached skill level 6 in Axes
  4058 | D:6      | Reached XP level 9. HP: 46/46 MP: 13/13
  4170 | D:6      | Noticed anet's ghost (novice DEWz)
  4222 | D:6      | Killed anet's ghost
  4230 | D:6      | Reached skill level 5 in Fighting
  4365 | D:6      | Reached ** piety under Makhleb
  4415 | D:6      | Reached skill level 7 in Axes
  4517 | D:6      | Found a sparkling altar of Nemelex Xobeh.
  5047 | D:7      | Reached XP level 10. HP: 52/52 MP: 14/14
  5091 | D:7      | Found a glowing golden altar of the Shining One.
  5300 | D:7      | Found a staircase to the Ecumenical Temple.
  5537 | D:8      | Noticed a two-headed ogre
  5722 | D:7      | Got a steaming ring mail
  5733 | D:7      | Identified the +4 ring mail of the Salmon {rF+ Str-2 Dex+3} (You took it off a gnoll on level 7 of the Dungeon)
  5890 | D:8      | Killed a two-headed ogre
  5890 | D:8      | Reached skill level 8 in Axes
  5890 | D:8      | Reached skill level 5 in Armour
  5999 | D:8      | Found a bloodstained altar of Trog.
  6000 | D:8      | Reached *** piety under Makhleb
  6609 | D:9      | Noticed a white ugly thing
  6621 | D:9      | Mangled by a white ugly thing

Vault maps used:
D:1:      minmay_arrival_radiant_lines
D:3:      gammafunk_temple_overflow_pools, feat_on_display
D:4:      serial_glass, glass_columns_c, glass_columns_c
D:5:      nicolae_overflow_hidden_temple, elyvilon_altar_5, first_ration,
          sword_in_stone
D:6:      nemelex_spade_bored_becter
D:7:      tso_oasis_becter, lemuel_temple_firewalk_b
D:8:      lemuel_coloured_pillars_altar
D:9:      kennysheep_little_box, xom_butterflies, enter_bailey_3

Skill      XL: |  1  2  3  4  5  6  7  8  9 10 |
---------------+-------------------------------+-----
Fighting       | 1 2 3 4 5 6 |  6.2
Evocations     | 3 4 5 |  5.0
Axes           | 1 2 3 4 6 7 8 |  8.4
Armour         | 1 2 3 4 5 |  5.2
Shields        | 2 4 |  4.8
Short Blades   | |  0.8
Dodging        | |  1.5
Stealth        | |  1.2
Invocations    | |  0.9

Action                   |  1- 3 |  4- 6 |  7- 9 | 10-12 || total
-------------------------+-------+-------+-------+-------++-------
Melee: Short sword       |    29 |       |       |       ||    29
       Bite              |    40 |    21 |   112 |    30 ||   203
       Hand axe          |   109 |    74 |   221 |       ||   404
       War axe           |       |       |   140 |   105 ||   245
Evoke: Wand              |       |     7 |    27 |     5 ||    39
  Use: Scroll            |     6 |     4 |     3 |     4 ||    17
       Potion            |       |     1 |     1 |       ||     2
 Stab: Sleeping          |     3 |       |       |       ||     3
       Confused          |       |       |     3 |       ||     3
  Eat: Chunk             |     4 |     2 |     8 |     7 ||    21
Armor: Leather armour    |    22 |       |       |       ||    22
       Ring mail         |     8 |       |       |    13 ||    21
       Scale mail        |     8 |       |       |       ||     8
       Chain mail        |     7 |    31 |    27 |       ||    65
       Plate armour      |       |       |   133 |    34 ||   167
       Skin              |       |       |    31 |       ||    31
Dodge: Dodged            |   120 |    37 |   131 |    46 ||   334
Block: Shield            |       |       |   156 |    37 ||   193

Table legend:
 A = Spawn XP
 B = Non-spawn XP
 C = Spawn XP percentage of total XP
 D = Spawn monster count
 E = Non-spawn monster count
 F = Spawn count percentage of total count
 G = Total turns spent on level
                    A         B        C        D         E        F      G
               +---------+---------+-------+---------+---------+-------+---------
         Total |       0 |    6792 |   0.0 |       0 |     165 |   0.0 |  6621
               +---------+---------+-------+---------+---------+-------+---------
           D:1 |       0 |      38 |   0.0 |       0 |      24 |   0.0 |   801
           D:2 |       0 |      12 |   0.0 |       0 |       8 |   0.0 |   616
           D:3 |       0 |      50 |   0.0 |       0 |       9 |   0.0 |   843
           D:4 |       0 |     697 |   0.0 |       0 |      17 |   0.0 |  1009
           D:5 |       0 |    1364 |   0.0 |       0 |      23 |   0.0 |   830
           D:6 |       0 |    1845 |   0.0 |       0 |      36 |   0.0 |   653
           D:7 |       0 |     696 |   0.0 |       0 |      17 |   0.0 |   877
           D:8 |       0 |    1935 |   0.0 |       0 |      29 |   0.0 |   967
           D:9 |       0 |     155 |   0.0 |       0 |       2 |   0.0 |    25
               +---------+---------+-------+---------+---------+-------+---------
